 Dungeon Crawl Stone Soup version 0.17-a0-157-g289cc6a (webtiles) character file.

14107 Herrn the Cleaver (level 12, 0/94 HPs)
             Began as a Formicid Fighter on Mar 27, 2015.
             Was a High Priest of Okawaru.
             Killed from afar by a deep elf mage (24 damage)
             ... with a puff of flame
             ... on level 11 of the Dungeon.
             The game lasted 00:46:24 (9942 turns).

Herrn the Cleaver (Formicid Fighter)                Turns: 9942, Time: 00:46:24

Health: 0/94       AC: 12    Str: 26    XL:     12   Next: 41%
Magic:  22/22      EV: 14    Int:  8    God:    Okawaru [*****.]
Gold:   919        SH: 12    Dex: 10    Spells: 1 memorised, 8 levels left

rFire  x . .     SeeInvis +     H - +0 battleaxe
rCold  + . .     Clarity  .     g - +3 scale mail
rNeg   . . .     SustAb   .     c - +0 shield
rPois  .         Gourm    .     (helmet unavailable)
rElec  .         Spirit   .     l - +0 cloak
rCorr  .         Warding  .     (no gloves)
rMut   .         Stasis   +     (no boots)
MR     +....                    b - amulet of regeneration
Stlth  ..........               X - ring of ice
                                U - +2 ring of evasion

@: somewhat resistant to hostile enchantments, extremely unstealthy
A: permanent stasis, dig shafts and tunnels, four strong arms, antennae 3
a: Dig, Shaft Self, Heroism, Renounce Religion


You were on level 11 of the Dungeon.
You worshipped Okawaru.
Okawaru was extremely pleased with you.
You were not hungry.

You visited 2 branches of the dungeon, and saw 12 of its levels.
You also visited: Ossuary.

You collected 919 gold pieces.

Inventory:

Hand weapons
 a - a +0 war axe
 F - the +2 mace of Twilight {holy, rElec rC+++ rN+ Stlth-}
   (You found it on level 10 of the Dungeon)

   It has been blessed by the Shining One to cause great damage to the undead
   and demons.
   It renders you almost immune to cold.
   It insulates you from electricity.
   It protects you from negative energy.
   It makes you less stealthy.
 H - a +0 battleaxe (weapon)
 L - a +0 eveningstar
 V - a +0 bardiche of venom
 W - a +1 hand axe of flaming
Missiles
 f - 86 bolts
Armour
 c - a +0 shield (worn)
 g - a +3 scale mail (worn)
 l - a +0 cloak (worn)
 T - a +0 ring mail of fire resistance
Jewellery
 b - an amulet of regeneration (around neck)
 p - an uncursed ring of flight
 U - a +2 ring of evasion (left hand)
 X - a ring of ice (right hand)
Magical devices
 q - a wand of digging (13)
 v - a wand of flame (6)
 x - a wand of enslavement (2)
 y - a wand of flame (32)
 z - a wand of random effects (15)
Scrolls
 h - 6 scrolls of remove curse
 o - 2 scrolls of enchant weapon
 s - a scroll of magic mapping
 t - 2 scrolls of amnesia
 w - 4 scrolls of teleportation {unknown}
 D - 3 scrolls of recharging {unknown}
 E - 4 scrolls of enchant armour {unknown}
 I - a scroll of brand weapon {unknown}
 J - 4 scrolls of fog {unknown}
 K - 2 scrolls of random uselessness {unknown}
 M - 2 scrolls of identify
 Q - a scroll of noise {unknown}
 R - a scroll of acquirement {unknown}
Potions
 e - 2 potions of invisibility
 j - 2 potions of agility
 n - a potion of flight
 r - 5 potions of curing
 B - 3 potions of magic
 C - a potion of brilliance
 G - 2 potions of cancellation
 O - 2 potions of poison {unknown}
Books
 k - a book of the Dragon

   Spells                             Type                      Level
   a - Flight                         Charms/Air                   3
   b - Cause Fear                     Hexes                        4
   c - Bolt of Fire                   Conjuration/Fire             6
   d - Dragon Form                    Transmutation                7
   e - Dragon's Call                  Summoning                    9
 u - a Grand Grimoire {highlevel, unknown}

   This book is beyond your current level of understanding.

   Spells                             Type                      Level
   a - Aura of Abjuration             Summoning                    6
   b - Summon Greater Demon           Summoning                    7
   c - Malign Gateway                 Summoning/Translocation      7
   d - Summon Horrible Things         Summoning                    8
Comestibles
 d - 7 bread rations
 i - a chunk of flesh
 m - 7 slices of pizza
 A - 2 beef jerkies
 N - 5 meat rations
 Y - 11 fruits


   Skills:
 + Level 8.5 Fighting
 * Level 11.6 Axes
 + Level 7.3 Armour
 + Level 5.9 Dodging
 + Level 9.6 Shields
 * Level 6.3 Transmutations
 * Level 5.3 Invocations


You had 8 spell levels left.
You knew the following spells:

 Your Spells              Type           Power        Failure   Level  Hunger
a - Spider Form           Trmt/Pois      #.........   78%         3    ####...


Dungeon Overview and Level Annotations

Branches:
Dungeon (11/15)            Temple (1/1) D:6            Lair (0/8) D:11
    Orc: D:9-12

Altars:
Ashenzari
Cheibriados
Dithmenos
Elyvilon
Fedhas
Gozag
Kikubaaqudgha
Makhleb
Nemelex Xobeh
Okawaru
Qazlal
Ru
Sif Muna
Trog
Vehumet
Xom
Yredelemnul
Zin
The Shining One


Innate Abilities, Weirdness & Mutations

You are under a permanent stasis effect.
You can dig through walls and to a lower floor.
Your four strong arms can wield two-handed weapons with a shield.
You have a pair of large antennae on your head (SInv).


Message History

You barely miss the deep elf mage.
The deep elf mage is severely wounded.
You are covered in liquid flames!
* * * LOW HITPOINT WARNING * * *
The deep elf mage hits you with an enchanted short sword.
* * * LOW HITPOINT WARNING * * *
You hit the deep elf mage!
The deep elf mage is almost dead.
You are covered in liquid flames!
* * * LOW HITPOINT WARNING * * *
The deep elf mage barely misses you.
You closely miss the deep elf mage.
The deep elf mage is almost dead.
The deep elf mage gestures at you while chanting.
You block the puff of flame.
You closely miss the deep elf mage.
The deep elf mage is almost dead.
The deep elf mage points at you and mumbles some strange words.
The puff of flame hits you! The fire burns you terribly!
You die...

##......♣÷.)..# ##'###
#..........#'#####<....
+..##....P.....##.'.....
#.####.........##.#.....
## ########....'..#.....
##8###8##....####.....
..#...#...#...)# #.....
.......)).......# #.....
.......)@.......# ####'#
.......)e)..##### #..
).#...#...#..# ##.
##8###?###'#### #.. ##
####.....# #..
.........# ###..
#.........####....
#.........'....#..
+[........######..


You could see a deep elf mage.

Vanquished Creatures
  The ghost of wvc the Carver, a powerful NaAr of Okawaru (D:11)
  A hydra (D:10)
  An unseen horror (D:11)
  3 ugly things (D:11)
  A troll (D:10)
  A trapdoor spider zombie (Ossuary)
  2 basilisks (D:11)
  A wyvern (D:11)
  A wraith (D:11)
  18 yaks
  Eustachio (D:3)
  2 hippogriffs
  A hungry ghost (D:11)
  A steam dragon (D:11)
  Edmund (D:8)
  A water moccasin (D:9)
  2 ice beasts
  A black bear (D:6)
  6 orc warriors
  5 porcupines (D:11)
  5 centaurs
  3 ogres
  5 big kobolds
  2 crocodiles (D:11)
  A phantom (D:6)
  Blork the orc (D:8)
  2 wyvern zombies
  4 giant frogs
  3 scorpions
  10 killer bees
  4 wights (D:9)
  2 goliath beetles (D:8)
  6 bog bodies (Ossuary)
  A centaur zombie (Ossuary)
  A wasp zombie (Ossuary)
  6 giant frog zombies
  11 hounds
  7 jellies
  A crimson imp (D:5)
  3 centaur skeletons
  10 orc priests
  A giant frog skeleton (D:9)
  9 worker ants
  11 orc wizards
  2 sheep (D:10)
  A killer bee zombie (Ossuary)
  A hound skeleton (D:6)
  8 mummies
  A worker ant zombie (Ossuary)
  5 river rats (D:11)
  10 adders
  11 gnolls
  A giant mite (D:5)
  2 shadow imps
  A worm (D:2)
  4 adder zombies
  3 giant geckos
  32 orcs
  3 bat zombies
  5 giant cockroaches
  16 goblins
  17 hobgoblins
  3 quokkas
  17 bats
  2 giant gecko zombies (Ossuary)
  8 giant newts
  5 jackals
  A jackal zombie (Ossuary)
  24 kobolds
  2 quokka skeletons
  2 quokka zombies (Ossuary)
  16 rats
  A plant (Ossuary)
364 creatures vanquished.

Vanquished Creatures (others)
  2 plants (D:11)
2 creatures vanquished.

Grand Total: 366 creatures vanquished

Notes
Turn   | Place    | Note
--------------------------------------------------------------
     0 | D:1      | Herrn, the Formicid Fighter, began the quest for the Orb.
     0 | D:1      | Reached XP level 1. HP: 18/18 MP: 1/1
   108 | D:1      | Reached XP level 2. HP: 24/24 MP: 3/3
   380 | D:1      | Reached XP level 3. HP: 19/30 MP: 4/4
  1027 | D:2      | Reached skill level 4 in Fighting
  1027 | D:2      | Reached XP level 4. HP: 30/37 MP: 5/5
  1043 | D:2      | Reached skill level 1 in Dodging
  1400 | D:2      | Found a shattered altar of Ashenzari.
  1455 | D:2      | Found a shimmering altar of Xom.
  1633 | D:2      | Found a glowing golden altar of the Shining One.
  1792 | D:3      | Found an opulent altar of Gozag.
  1844 | D:3      | Reached XP level 5. HP: 34/42 MP: 7/7
  2203 | D:3      | Reached XP level 6. HP: 42/49 MP: 8/8
  2312 | D:3      | Found a basalt altar of Yredelemnul.
  3058 | D:4      | Reached XP level 7. HP: 55/55 MP: 9/9
  3061 | D:4      | Reached skill level 5 in Shields
  3112 | D:4      | Noticed Eustachio
  3129 | D:3      | Killed Eustachio
  3460 | D:4      | Reached skill level 5 in Armour
  3552 | D:5      | Entered Level 5 of the Dungeon
  3563 | D:5      | Reached skill level 5 in Fighting
  3598 | D:5      | Reached XP level 8. HP: 27/62 MP: 11/11
  3677 | D:5      | Reached skill level 5 in Axes
  3708 | D:5      | Found a sand-covered staircase.
  3713 | Ossuary  | Entered an ossuary
  3775 | Ossuary  | Reached skill level 6 in Shields
  3948 | Ossuary  | Reached XP level 9. HP: 69/69 MP: 12/12
  4546 | D:5      | Reached skill level 7 in Axes
  4820 | D:6      | Found a bloodstained altar of Trog.
  5023 | D:6      | Learned a level 3 spell: Spider Form
  5265 | D:6      | Found a staircase to the Ecumenical Temple.
  5281 | Temple   | Entered the Ecumenical Temple
  5331 | D:6      | Reached skill level 1 in Transmutations
  5407 | D:6      | Reached skill level 8 in Axes
  5463 | D:6      | Found a deep blue altar of Sif Muna.
  5850 | D:7      | Reached XP level 10. HP: 77/77 MP: 13/13
  5924 | D:6      | Got a pitted short sword
  6492 | D:8      | Noticed Blork the orc
  6498 | D:8      | Killed Blork the orc
  6599 | D:8      | Noticed Edmund
  6617 | D:8      | Killed Edmund
  6640 | D:8      | Found a shattered altar of Ashenzari.
  6774 | D:8      | Identified the +3 short sword of the Soothsayer {pain, rElec rF+ Int+4 SInv} (You found it on level 6 of the Dungeon)
  7040 | D:9      | Reached skill level 9 in Axes
  7221 | D:9      | Found a radiant altar of Vehumet.
  7415 | D:9      | Found a shadowy altar of Dithmenos.
  7422 | D:9      | Found a snail-covered altar of Cheibriados.
  7422 | D:9      | Found an iron altar of Okawaru.
  7424 | D:9      | Found a sacrificial altar of Ru.
  7427 | D:9      | Found a blossoming altar of Fedhas.
  7430 | D:9      | Became a worshipper of Warmaster Okawaru
  7847 | D:10     | Entered Level 10 of the Dungeon
  7879 | D:10     | Reached skill level 1 in Invocations
  8200 | D:10     | Acquired Okawaru's first power
  8203 | D:10     | Reached skill level 5 in Dodging
  8207 | D:10     | Reached XP level 11. HP: 80/84 MP: 16/18
  8318 | D:10     | Reached skill level 10 in Axes
  8346 | D:10     | Noticed a three-headed hydra
  8349 | D:10     | Killed a one-headed hydra
  8349 | D:10     | Reached skill level 5 in Transmutations
  8581 | D:10     | Got a twisted mace
  8582 | D:10     | Identified the +2 mace of Twilight {holy, rElec rC+++ rN+ Stlth-} (You found it on level 10 of the Dungeon)
  9043 | D:11     | Noticed a cyan ugly thing
  9051 | D:11     | Killed a cyan ugly thing
  9080 | D:11     | Noticed a red ugly thing
  9086 | D:11     | Killed a red ugly thing
  9128 | D:11     | Noticed an unseen horror
  9143 | D:11     | Killed an unseen horror
  9232 | D:11     | Reached skill level 11 in Axes
  9243 | D:11     | Reached XP level 12. HP: 73/93 MP: 22/22
  9355 | D:11     | Found a staircase to the Lair.
  9368 | D:11     | Noticed wvc's ghost (powerful NaAr)
  9420 | D:11     | Killed wvc's ghost
  9420 | D:11     | Acquired Okawaru's second power
  9420 | D:11     | Reached skill level 5 in Invocations
  9869 | D:11     | Noticed a white ugly thing
  9876 | D:11     | Killed a white ugly thing
  9942 | D:11     | Killed from afar by a deep elf mage

Action                   |  1- 3 |  4- 6 |  7- 9 | 10-12 || total
-------------------------+-------+-------+-------+-------++-------
Melee: War axe           |    93 |   250 |   478 |   131 ||   952
       Battleaxe         |       |       |       |   561 ||   561
       Hand axe          |       |       |       |     3 ||     3
Invok: Heroism           |       |       |       |     3 ||     3
 Abil: Dig               |     1 |     3 |     1 |     4 ||     9
  Use: Potion            |       |     2 |     5 |     5 ||    12
       Scroll            |       |     6 |     5 |    10 ||    21
  Eat: Chunk             |       |     8 |    10 |    21 ||    39
       Beef jerky        |       |       |     1 |       ||     1
       Fruit             |       |       |       |     1 ||     1
